Map: Dusk Towers

Players

Manta

  • Race: Zerg Zerg
  • League: Silver

CreepStomp - Winner!

  • Race: Terran Terran
  • League: Silver

VOD

Have the link to the VOD?

Description

Time

  • Played on: Feb. 18, 2016, 6:12 p.m.
  • Length: 11:57
Show
View Real Time Build Order
Export as new Build Order

Manta Zerg 

Build Orders: Hatch First 

Get SALT Encoding   

  12  0:03  Drone  
  13  0:16  Overlord  
  13  0:20  Extractor  
  12  0:22  Drone  
  13  0:55  Hatchery  
  12  0:58  Drone  
  12  0:59  Drone  
  14  1:11  Spawning Pool  
  14  1:23  Hatchery  
  14  1:25  Drone  
  14  1:35  Drone  
  15  1:41  Drone  
  16  1:58  Zergling x4  
  18  2:01  Queen  
  18  2:04  Zergling x2  
  21  2:20  Overlord  
  21  2:24  Drone, Metabolic Boost  
  22  2:35  Queen  
  24  2:37  Drone  
  25  3:08  Drone x3  
  25  3:10  Queen  
  30  3:21  Hatchery  
  30  3:24  Drone  
  30  3:31  Lair  
  30  3:36  Extractor  
  30  3:37  Drone  
  30  3:46  Drone x3  
  33  3:56  Drone  
  33  3:58  Zergling x4  
  33  4:01  Overlord  
  36  4:19  Drone  
  36  4:22  Drone x2  
  36  4:23  Drone x4  
  43  4:34  Drone  
  44  4:43  Drone x6  
  50  4:51  Extractor  
  50  4:52  Drone x2, Extractor  
  50  5:03  Overlord  
  50  5:06  Overseer, Spire  
  49  5:21  Queen  
  49  5:26  Drone x4  
  49  5:28  Drone x3  
  58  5:30  Overlord  
  58  5:31  Overlord  
  60  5:51  Pneumatized Carapace  
  58  6:08  Roach Warren  
  57  6:17  Mutalisk x4  
  65  6:20  Zergling x12  
  65  6:21  Zergling x2  
  65  6:25  Evolution Chamber  
  71  6:28  Drone x3  
  71  6:30  Overlord  
  71  6:31  Overlord  
  74  6:48  Queen  
  74  6:51  Queen  
  78  6:54  Hatchery, Glial Reconstitution  
  78  6:58  Roach x5  
  78  6:59  Zergling x2, Roach  
  78  7:01  Overlord x3  
  90  7:07  Extractor  
  90  7:08  Drone, Extractor  
  90  7:09  Drone  
  90  7:11  Overlord  
  90  7:19  Mutalisk x4  
  90  7:21  Zergling x2  
  90  7:22  Zergling x8  
  103  7:30  Ravager  
  103  7:31  Ravager  
  69  8:06  Mutalisk x3  
  69  8:07  Zergling x6  
  69  8:08  Zergling x6  
  79  8:19  Mutalisk x2  
  72  8:21  Zergling x8  
  62  9:04  Roach  
  62  9:05  Roach x6  
  62  9:06  Roach x4  
  62  9:07  Zergling x2  
  62  9:08  Queen  
  87  9:35  Drone  
  87  9:36  Drone  
  87  9:37  Drone x5  
  87  9:38  Drone x3  
  97  9:49  Zerg Ground Armor Level 1  
  97  9:52  Drone x5  
  102  9:53  Drone x6  
  108  10:03  Infestation Pit  
  108  10:07  Drone x5  
  112  10:26  Drone  
  112  10:27  Drone x3  
  116  10:30  Mutalisk x2  
  116  10:33  Overlord x2  
  116  10:34  Overlord x2  
  120  10:43  Hive  
  120  11:09  Mutalisk x4  
  120  11:10  Hatchery, Mutalisk x3  
  133  11:27  Zergling x10  
  133  11:28  Zergling x14  
  133  11:29  Zergling x12  
Show
View Real Time Build Order
Export as new Build Order

CreepStomp Terran - Winner!

Build Orders: Mech 

Get SALT Encoding   

  12  0:01  SCV  
  13  0:13  SCV  
  14  0:20  Supply Depot  
  14  0:25  SCV  
  15  0:30  Refinery  
  15  0:42  SCV  
  16  0:45  Barracks  
  16  0:54  SCV  
  17  1:06  SCV  
  18  1:18  SCV  
  19  1:31  SCV  
  20  1:33  Supply Depot  
  20  1:52  SCV  
  21  1:56  Command Center  
  21  2:01  Marine  
  21  2:06  Factory  
  21  2:07  SCV  
  23  2:13  Refinery  
  23  2:19  Marine  
  24  2:28  SCV  
  25  2:33  Factory  
  25  2:36  Marine  
  26  2:40  SCV  
  27  2:52  Hellion  
  27  2:54  Marine  
  27  2:55  Orbital Command  
  30  3:16  SCV  
  30  3:18  Factory Reactor  
  31  3:20  Factory Tech Lab  
  31  3:28  SCV  
  31  3:30  Factory  
  31  3:33  Starport, SCV  
  33  3:36  Marine  
  34  3:47  Infernal Pre-Igniter  
  34  3:51  Hellion  
  36  3:58  Hellion x2  
  36  4:00  SCV  
  36  4:02  SCV  
  42  4:12  Supply Depot  
  43  4:17  Factory Reactor  
  43  4:18  SCV  
  43  4:21  Engineering Bay, SCV  
  45  4:29  Widow Mine  
  46  4:32  Barracks Reactor  
  46  4:33  Widow Mine  
  46  4:35  SCV x2  
  50  4:47  SCV  
  50  4:51  Orbital Command  
  50  4:52  Supply Depot  
  51  4:56  Supply Depot  
  51  5:00  Missile Turret  
  51  5:07  Armory  
  51  5:14  Hellion x2  
  55  5:15  Hellion  
  55  5:18  SCV  
  58  5:25  SCV  
  59  5:30  Missile Turret  
  59  5:33  Missile Turret, SCV  
  59  5:34  Marine  
  59  5:35  Marine  
  62  5:40  Widow Mine  
  66  5:43  Hellion  
  66  5:44  Hellion  
  68  5:50  Medivac  
  70  6:02  Supply Depot  
  70  6:05  Supply Depot  
  70  6:23  Marine x2  
  70  6:24  Terran Vehicle Weapons Level 1, SCV x2, Hellbat x2  
  78  6:27  Hellbat x2  
  78  6:30  Siege Tank  
  85  6:36  SCV  
  86  6:48  Command Center  
  86  6:59  Hellbat x4  
  94  7:03  Supply Depot  
  94  7:07  Supply Depot  
  94  7:23  Barracks  
  94  7:25  Medivac, Marine x2, Barracks, Hellbat  
  94  7:26  Barracks  
  100  7:36  Hellion x2  
  108  7:37  Hellion x2  
  108  7:43  Marine  
  109  7:51  Marine  
  110  7:57  Hellion  
  110  7:58  Hellion x2  
  88  8:26  Marine x2  
  80  8:28  Hellbat  
  80  8:29  Hellion x4  
  74  8:44  Marine x2  
  74  8:46  Marine x3  
  74  8:50  Hellbat x2  
  76  8:56  Missile Turret  
  76  9:02  Marine x2  
  76  9:03  Marine  
  76  9:04  Marine x2  
  79  9:12  Missile Turret x2  
  79  9:16  Missile Turret  
  79  9:18  Missile Turret, SCV x3  
  79  9:20  Marine x2  
  79  9:21  Marine x2  
  79  9:22  Marine  
  87  9:28  Hellbat x3  
  87  9:30  SCV x3  
  96  9:37  Marine  
  96  9:38  Missile Turret, Marine  
  98  9:39  Thor, Marine x2, Hellbat  
  98  9:42  SCV x2  
  111  9:50  Barracks Tech Lab  
  110  9:52  Terran Infantry Weapons Level 1  
  110  9:54  Medivac  
  110  9:55  Marine x2  
  110  9:57  Marine x2  
  110  9:58  SCV x3  
  119  10:07  Missile Turret  
  119  10:09  Marauder  
  119  10:10  Supply Depot  
  119  10:12  Supply Depot  
  119  10:13  Supply Depot, Marine x2  
  123  10:15  Marine x2  
  125  10:29  Missile Turret  
  125  10:30  Missile Turret  
  125  10:31  Medivac, Marine x3  
  125  10:33  Missile Turret, Marine x2  
  125  10:35  Refinery  
  132  10:36  Refinery  
  132  10:40  Hellbat x3  
  132  10:41  Hellbat x2  
  142  10:45  Orbital Command  
  142  10:49  Marauder, Marine x2  
  146  10:50  Marine  
  146  10:51  Marine  
  148  11:06  Marine  
  149  11:39  Marine  
Tags
 
Composition
Mech
Matchup
TvZ
Replay Pack
sc2sc2
Add a new tag
Caveats
  • Supply blocks, unpowered buildings, or Contaminate may cause inaccurate times.
  • Supply counts are checked every 10 seconds.